 Dungeon Crawl Stone Soup version 0.29.0-10-g45618ea6d2 (webtiles) character file.

Game seed: 6616129772558523652

736 robertstho the Magician (level 8, 0/55 HPs)
             Began as a Djinni Fire Elementalist on Sept 1, 2022.
             Slain by an ice beast (19 damage)
             ... on level 6 of the Dungeon.
             The game lasted 00:04:15 (5407 turns).

robertstho the Magician (Djinni Fire Elementalist)  Turns: 5407, Time: 00:04:16

Health: 0/55       AC:  3    Str:  7    XL:     8   Next: 4%
Gold:   193        EV: 13    Int: 19    God:
                   SH:  0    Dex: 14

rFire   + + .      SeeInvis .   j - +0 short sword (venom)
rCold   x . .      Faith    .   (no shield)
rNeg    . . .      Spirit   .   a - +0 robe
rPois   ∞          Reflect  .   e - +0 helmet
rElec   .          Harm     .   (no cloak)
rCorr   +          Rampage  .   (no gloves)
Will    +....                   (boots unavailable)
Stlth   ++........              (no amulet)
HPRegen 0.18/turn               d - ring of resist corrosion
MPRegen 0.00/turn               x - ring of willpower

@: flying
A: sickness immunity, fire resistance 2, cold vulnerability 1, float, innate
caster, HP casting, extra vitality 1
a: no special abilities


You were on level 6 of the Dungeon.
You visited 2 branches of the dungeon, and saw 7 of its levels.

You collected 193 gold pieces.

Inventory:

Hand Weapons
 j - a +0 short sword of venom (weapon)
 m - the +7 dagger of Leasufee {flame, *Rage rPois Int+8 Stlth+}
   (You found it on level 2 of the Dungeon)

   It burns those it strikes, dealing additional fire damage.
   Int:       It affects your intelligence (+8).
   rPois:     It protects you from poison.
   *Rage:     It berserks you when you make melee attacks (+20% chance).
   Stlth:     It makes you more stealthy.
Armour
 a - a +0 robe (worn)
 e - a +0 helmet (worn)
Jewellery
 d - a ring of resist corrosion (left hand)
 x - a ring of willpower (right hand)
Wands
 c - a wand of flame (31)
 r - a wand of iceblast (14)
 w - a wand of paralysis (11)
Scrolls
 b - 3 scrolls of teleportation
 h - a scroll of vulnerability {unknown}
 i - 4 scrolls of enchant weapon {unknown}
 k - a scroll of blinking {unknown}
 p - a scroll of amnesia {unknown}
 q - a scroll of torment {unknown}
 s - 3 scrolls of fear {unknown}
 t - a scroll of immolation {unknown}
 u - 2 scrolls of noise {unknown}
Potions
 f - 3 potions of mutation {unknown}
 g - 2 potions of might {unknown}
 l - a potion of haste {unknown}
 n - a potion of heal wounds {unknown}
 o - 3 potions of curing
 v - a potion of flight {unknown}


   Skills:
 * Level 2.8 Fighting
 + Level 2.5 Short Blades
 + Level 3.3 Dodging
 + Level 3.0 Stealth
 * Level 5.1 Spellcasting


You couldn't memorise any spells.
You knew the following spells:

 Your Spells              Type           Power      Damage    Failure   Level
a - Foxfire               Conj/Fire      96%        2x1d8     1%          1
b - Scorch                Fire           48%        2d7       2%          2
c - Conjure Flame         Conj/Fire      24%        6-21      4%          3
d - Inner Flame           Hex/Fire       24%        N/A       4%          3
e - Flame Wave            Conj/Fire      24%        2d8       16%         4
f - Apportation           Tloc           48%        N/A       1%          1
g - Static Discharge      Conj/Air       24%        3-6/arc   2%          2
h - Summon Guardian Gole  Hex/Summ       24%        N/A       4%          3
Your spell library was empty.

Dungeon Overview and Level Annotations

Branches:
Dungeon (6/15)             Temple (1/1) D:5

Altars:
Ashenzari
Elyvilon
Fedhas
Uskayaw
Yredelemnul


Innate Abilities, Weirdness & Mutations

You are immune to sickness and miasma.
You are immune to poison.
Your flesh is very heat resistant. (rF++)
You are vulnerable to cold. (rC-)
You float through the air rather than walking.
You learn spells naturally, not from books.
Your magical power is your life essence.
You have superior vitality. (+4 MHP)


Message History

Found a dagger.
There is a stone staircase leading up here.
A bullfrog comes into view.
A bullfrog is nearby!
A bullfrog is nearby!
A bullfrog is nearby!
A bullfrog is nearby!
Found a scroll labelled PETRUH QOZABA.
An ice beast comes into view.
The helpless bullfrog fails to defend itself.
You puncture the bullfrog!
The bullfrog is moderately wounded.
The bullfrog completely misses you. The bullfrog hits you.
You closely miss the bullfrog.
The bullfrog is moderately wounded.
The bullfrog completely misses you.
You completely miss the bullfrog.
The bullfrog is moderately wounded.
The bullfrog hits you. The bullfrog barely misses you.
You hit the bullfrog.
The bullfrog is poisoned.
The bullfrog is severely wounded.
The bullfrog closely misses you.
You hit the bullfrog.
The bullfrog looks as sick as possible!
The bullfrog is severely wounded.
You kill the bullfrog!
Your Stealth skill increases to level 3!
You have reached level 8!
You feel clever.
You hit the ice beast.
The ice beast is poisoned.
The ice beast is lightly wounded.
The ice beast hits you. The ice beast freezes you!!
You feel a terrible chill!
You are too injured to fight recklessly!
You are too injured to fight recklessly!
Casting: Scorch (safe; 2% risk of failure)
Confirm with . or Enter, or press ? or * to list all spells.
Flames lash the ice beast.
The ice beast melts!
The ice beast is heavily wounded.
The ice beast's fire resistance burns away.
The ice beast hits you. The ice beast freezes you!!
You feel a terrible chill!
You die...

#.<# #####..#
#......#
#.##)..# #
#.###.## .. #.#
#.#
#.####.###.###
###............#
.......@........
###.#.Y....#...#
#....#?....#..
#..##.#.###.##
#.# ⌠ ## .# #.#
. # ... .# ..


You could see an ice beast (very poisoned, combustible).

Vanquished Creatures
  A black bear (D:5)
  An ogre (D:4)
  A bullfrog (D:6)
  2 scorpions
  A jelly (D:4)
  A howler monkey (D:4)
  3 hounds (D:4)
  An orc priest (D:4)
  3 iguanas
  An orc wizard (D:4)
  An adder (D:5)
  2 worms
  5 orcs
  5 endoplasms
  A giant cockroach (D:3)
  5 goblins
  5 hobgoblins
  5 jackals (D:4)
  A kobold (D:2)
  4 quokkas
  7 ball pythons
  2 frilled lizards
  4 rats (D:1)
62 creatures vanquished.

Vanquished Creatures (collateral kills)
  A worm (D:3)
  A ball python (D:3)
  A kobold (D:3)
  A rat (D:3)
4 creatures vanquished.

Vanquished Creatures (others)
  65 foxfires
65 creatures vanquished.

Grand Total: 131 creatures vanquished

Notes
Turn   | Place    | Note
-------+----------+-------------------------------------------
     0 | D:1      | robertstho the Djinni Fire Elementalist began the quest for
                  | the Orb.
     0 | D:1      | robertstho set off with the following spells memorised:
                  | Foxfire, Scorch, Conjure Flame, Inner Flame, Flame Wave.
     0 | D:1      | Reached XP level 1. HP: 15/15 MP: 0/0
   202 | D:1      | Found a faded altar of an unknown god.
   236 | D:1      | Reached XP level 2. HP: 3/21 MP: 0/0
  1450 | D:2      | Reached XP level 3. HP: 25/26 MP: 0/0
  1450 | D:2      | Learned a level 1 spell: Apportation
  1470 | D:2      | Identified the +7 dagger of Leasufee {flame, *Rage rPois
                  | Int+8 Stlth+}
  1555 | D:2      | Reached skill level 3 in Spellcasting
  2889 | D:4      | Reached XP level 4. HP: 29/31 MP: 0/0
  2902 | D:4      | Reached skill level 1 in Fighting
  2904 | D:4      | Reached XP level 5. HP: 26/37 MP: 0/0
  2904 | D:4      | Learned a level 2 spell: Static Discharge
  3310 | D:4      | Noticed an ogre
  3315 | D:4      | Killed an ogre
  3316 | D:4      | Reached skill level 1 in Short Blades
  3316 | D:4      | Reached skill level 4 in Spellcasting
  3316 | D:4      | Reached XP level 6. HP: 37/43 MP: 0/0
  4250 | D:4      | Reached XP level 7. HP: 48/49 MP: 0/0
  4250 | D:4      | Learned a level 3 spell: Summon Guardian Golem
  4592 | D:5      | Entered Level 5 of the Dungeon
  4669 | D:5      | Found a staircase to the Ecumenical Temple.
  4713 | Temple   | Entered the Ecumenical Temple
  4921 | D:5      | Reached skill level 5 in Spellcasting
  5405 | D:6      | Reached XP level 8. HP: 45/55 MP: 0/0
  5407 | D:6      | Slain by an ice beast

Illustrated notes

Levels and vault maps discovered:
D:1:      giann_bridges, layout_basic, ebering_ecumenical_altar_webs
D:2:      layout_loops_corners, dk_vineyard_3
D:3:      layout_basic
D:4:      layout_basic
D:5:      layout_gridville, nicolae_kikubaaqudgha_miasma_corner,
          minmay_temple_entry_crystal_x
D:6:      layout_loops_ring, serial_shops, shop, kennysheep_donut,
          grunt_decor_mini_mirrors, kennysheep_path_1, nrook_campfire
Temple:   hellmonk_temple_micro_hex

Skill      XL: |  1  2  3  4  5  6  7 |
---------------+----------------------+-----
Spellcasting   | 3 4 5 |  5.1
Fighting       | 1 2 |  2.8
Stealth        | 2 3 |  3.0
Short Blades   | 1 2 |  2.5
Dodging        | 3 |  3.3

Action                   |  1- 3 |  4- 6 |  7- 9 || total
-------------------------+-------+-------+-------++-------
Melee: Unarmed           |     1 |       |       ||     1
       Short sword       |    25 |    57 |    51 ||   133
       Dagger            |     8 |       |       ||     8
 Cast: Foxfire           |    38 |     3 |       ||    41
       Scorch            |       |    21 |     3 ||    24
  Use: Scroll            |     4 |       |       ||     4
 Stab: Sleeping          |     2 |     2 |     2 ||     6
       Distracted        |       |       |     1 ||     1
Armor: Robe              |     2 |    12 |     6 ||    20
Dodge: Dodged            |    31 |    39 |    38 ||   108
